 Dungeon Crawl Stone Soup version 0.24.0-37-gcf1ca852f1 (webtiles) character file.

Game seed: 15518616308588372795, levelgen mode: deterministic

173 FishyPogo the Conjurer (level 5, 0/44 HPs)
             Began as a Naga Wizard on Nov 22, 2019.
             Was an Initiate of Nemelex Xobeh.
             Killed from afar by an orc wizard (5 damage)
             ... with a magic dart
             ... on level 3 of the Dungeon.
             The game lasted 00:16:33 (2634 turns).

FishyPogo the Conjurer (Naga Wizard)                Turns: 2634, Time: 00:16:33

Health: 0/44       AC:  4    Str:  9    XL:     5   Next: 53%
Magic:  7/9        EV: 10    Int: 19    God:    Nemelex Xobeh [......]
Gold:   143        SH:  4    Dex: 10    Spells: 4/10 levels left

rFire    . . .     SeeInvis +   u - +2 mace (holy)
rCold    + . .     Gourm    .   l - +0 buckler
rNeg     . . .     Faith    .   a - +0 robe
rPois    +         Spirit   .   b - +0 hat
rElec    .         Reflect  .   (no cloak)
rCorr    .         Harm     .   (no gloves)
MR       .....                  (no barding)
Stlth    +.........             (no amulet)
HPRegen  0.00/turn              c - ring of protection from cold
MPRegen  0.11/turn              j - ring of attention (curse)

@: very slow
A: large, stinger 1, icy blue scales 1, see invisible, deformed body, poison
resistance, slowness 2, inhibited regeneration, slow metabolism 1, spit poison
1, AC +1
a: Spit Poison, Draw Escape, Draw Destruction, Draw Summoning, Renounce Religion


You were on level 3 of the Dungeon.
You worshipped Nemelex Xobeh.
Nemelex Xobeh was noncommittal.
You were not hungry.

You visited 1 branch of the dungeon, and saw 3 of its levels.

You collected 143 gold pieces.

Inventory:

Hand Weapons
 u - a +2 mace of holy wrath (weapon)
Missiles
 e - 79 stones (quivered)
 m - 4 poisoned darts
 p - a throwing net
Armour
 a - a +0 robe (worn)
 b - a +0 hat (worn)
 l - a +0 buckler (worn)
Jewellery
 c - a ring of protection from cold (left hand)
 j - a cursed ring of attention (right hand)
Scrolls
 f - 3 scrolls of teleportation {unknown}
 o - 5 scrolls of identify {unknown}
 q - a scroll of remove curse {unknown}
 s - 2 scrolls of enchant armour {unknown}
Potions
 h - a potion of might {unknown}
 i - a potion of lignification
 k - a potion of magic {unknown}
 n - 3 potions of curing {unknown}
 r - 2 potions of haste {unknown}
 t - a potion of heal wounds {unknown}
Comestibles
 d - 5 rations
 g - 3 chunks of flesh


   Skills:
 - Level 1.0 Fighting
 - Level 2.0 Dodging
 - Level 3.0 Stealth
 * Level 2.0 Shields
 - Level 3.0 Spellcasting
 * Level 3.1 Conjurations
 + Level 1.5 Hexes
   Level 1.0 Summonings
   Level 1.0 Translocations
 + Level 1.3 Poison Magic


You had 4 spell levels left.
You knew the following spells:

 Your Spells              Type           Power        Failure   Level  Hunger
a - Magic Dart            Conj           ##..         4%          1    None
c - Slow                  Hex            #.......     13%         2    ##.....
p - Mephitic Cloud        Conj/Pois/Air  #.......     26%         3    ###....

Your spell library contained the following spells:

 Spells                   Type           Power        Failure   Level  Hunger
 Blink                    Tloc           N/A          16%         2    ##.....
 Call Imp                 Summ           #.......     16%         2    ##.....
 Conjure Flame            Conj/Fire      #.......     26%         3    ###....


Dungeon Overview and Level Annotations

Branches:
Dungeon (3/15)

Altars:
Nemelex Xobeh


Innate Abilities, Weirdness & Mutations

You cannot wear boots.
Your serpentine skin is tough. (AC +1)
You have supernaturally acute eyesight. (SInv)
Armour fits poorly on your strangely shaped body.
Your system is resistant to poisons. (rPois)
You cover ground very slowly.
You have a slow metabolism.
You can spit poison.
Your tail ends in a poisonous barb.
You are partially covered in icy blue scales. (AC +2)
You do not regenerate when monsters are visible.


Message History

The orc wizard is severely wounded.
The orc wizard hits you but does no damage. x2
The orc wizard shouts!
You hit the orc wizard but do no damage.
The orc wizard is severely wounded.
The orc closely misses you.
The orc wizard hits you but does no damage.
You hit the orc wizard.
You kill the orc wizard!
Your Shields skill increases to level 2!
You have got your breath back.
The orc hits you with a +0 flail. The orc hits you with a +0 flail.
* * * LOW HITPOINT WARNING * * *
The orc hits you but does no damage. The orc hits you with a +0 flail.
* * * LOW HITPOINT WARNING * * *
The orc wizard casts a spell at you. The magic dart hits you.
You die...
Your body disappears without a glow.

.. .. #. ..# #. .. #.#
#.# #.###.####.### ###
#.#........... ..
#.#.#.####.##. #.
#..o..# ####.##.##.## #
#.........#.#
.#.##.##..@.##o##
.........####g########
.##.#.##o.# #†##.....#
...o..##o.####<##.....#
............##.......>#
.....%.#..#.#####.....#
#.......#.# #.....#
.......##...# #########
.#####. ##).# #..[....#


You could see an orc wizard and an orc.

Vanquished Creatures
  An orc wizard (D:3)
  4 gnolls
  5 adders
  A worm (D:3)
  3 leopard geckos
  2 orcs
  6 bats
  4 giant cockroaches
  4 goblins
  5 hobgoblins
  2 jackals (D:1)
  2 quokkas
  2 frilled lizards
  10 kobolds
  7 rats
58 creatures vanquished.

Notes
Turn   | Place    | Note
-------+----------+-------------------------------------------
     0 | D:1      | FishyPogo the Naga Wizard began the quest for the Orb.
     0 | D:1      | Reached XP level 1. HP: 15/15 MP: 4/4
   185 | D:1      | Reached XP level 2. HP: 24/24 MP: 6/6
   215 | D:1      | Learned a level 2 spell: Slow
   845 | D:1      | Reached skill level 1 in Fighting
   845 | D:1      | Reached XP level 3. HP: 10/31 MP: 0/7
  1384 | D:2      | Reached skill level 1 in Shields
  1388 | D:2      | Reached skill level 1 in Hexes
  1388 | D:2      | Reached XP level 4. HP: 22/38 MP: 1/8
  1716 | D:2      | Gained mutation: You do not regenerate when monsters are
                  | visible. [potion of mutation]
  1716 | D:2      | Gained mutation: You are partially covered in icy blue
                  | scales. (AC +2) [potion of mutation]
  1716 | D:2      | Gained mutation: Your tail ends in a poisonous barb.
                  | [potion of mutation]
  2024 | D:2      | Learned a level 3 spell: Mephitic Cloud
  2248 | D:2      | Found a sparkling altar of Nemelex Xobeh.
  2255 | D:2      | Became a worshipper of Nemelex Xobeh the Trickster
  2390 | D:3      | Received a gift from Nemelex Xobeh
  2412 | D:3      | Reached XP level 5. HP: 44/44 MP: 5/9
  2514 | D:3      | Reached skill level 1 in Poison Magic
  2634 | D:3      | Killed from afar by an orc wizard

Levels and vault maps discovered:
D:1:      mushboom_english_gardens, layout_loops_ring
D:2:      wad_lake_hut, layout_basic, chequers_serial_rivers_micro_a,
          nemelex_xobeh_ov_fountains_minmay
D:3:      layout_loops_cross

Skill      XL: |  1  2  3  4  5 |
---------------+----------------+-----
Fighting       | 1 |  1.0
Conjurations   | 2 3 |  3.1
Shields        | 1 2 |  2.0
Dodging        | 2 |  2.0
Hexes          | 1 |  1.5
Poison Magic   | 1 |  1.3
Stealth        | |  3.0
Spellcasting   | |  3.0
Summonings     | |  1.0
Translocations | |  1.0

Action                   |  1- 3 |  4- 6 || total
-------------------------+-------+-------++-------
Melee: Short sword       |    20 |    32 ||    52
       Unarmed           |     5 |       ||     5
       Tailslap          |       |     2 ||     2
       Mace              |       |    15 ||    15
 Cast: Magic Dart        |    46 |    48 ||    94
       Slow              |     1 |     3 ||     4
 Abil: Spit Poison       |    22 |    29 ||    51
  Use: Potion            |       |     2 ||     2
  Eat: Chunk             |     2 |     5 ||     7
Armor: Robe              |     9 |     9 ||    18
       Skin              |       |     9 ||     9
Dodge: Dodged            |    24 |    26 ||    50
Block: Buckler           |     5 |    17 ||    22
